 Dungeon Crawl Stone Soup version 0.27.1 (webtiles) character file.

Game seed: 12294799560159047421

51 Sabo the Chopper (level 3, 0/28 HPs)
             Began as a Demonspawn Gladiator on Sept 3, 2021.
             Was a Follower of Yredelemnul.
             Slain by a gnoll (3 damage)
             ... on level 2 of the Dungeon.
             The game lasted 00:07:10 (1608 turns).

Sabo the Chopper (Demonspawn Gladiator)             Turns: 1608, Time: 00:07:11

Health: 0/28       AC:  9    Str: 15    XL:     3   Next: 57%
Magic:  2/3        EV:  7    Int:  9    God:    Yredelemnul [*.....]
Gold:   91         SH:  0    Dex: 14    Spells: 2/2 levels left

rFire    . . .     SeeInvis .   a - +0 war axe
rCold    . . .     Faith    .   (no shield)
rNeg     . . .     Spirit   .   i - +0 chain mail
rPois    .         Reflect  .   c - +0 helmet
rElec    .         Harm     .   (no cloak)
rCorr    .         Rampage  .   (no gloves)
Will     .....                  (no boots)
Stlth    ..........             (no amulet)
HPRegen  0.09/turn              (no ring)
MPRegen  0.16/turn              (no ring)

@: no status effects
A: ignite blood 1, magic regeneration
a: Renounce Religion, Animate Remains


You were on level 2 of the Dungeon.
You worshipped Yredelemnul.
Yredelemnul was aware of your devotion.
You visited 1 branch of the dungeon, and saw 2 of its levels.

You collected 91 gold pieces.

Inventory:

Hand Weapons
 a - a +0 war axe (weapon)
 k - a +0 antimagic trident
Missiles
 d - 3 throwing nets (quivered)
 e - 43 arrows
 g - 29 poisoned darts
Armour
 c - a +0 helmet (worn)
 i - a +0 chain mail (worn)
Scrolls
 b - a scroll of fear {unknown}
 h - a scroll of teleportation {unknown}
Potions
 f - a potion of degeneration {unknown}
 j - a potion of curing {unknown}


   Skills:
 + Level 2.5 Fighting
 + Level 3.2 Axes
 + Level 2.0 Throwing
 + Level 1.1 Armour
 + Level 3.0 Dodging


You had 2 spell levels left.
You didn't know any spells.
Your spell library was empty.

Dungeon Overview and Level Annotations

Branches:
Dungeon (2/15)

Altars:
Yredelemnul


Innate Abilities, Weirdness & Mutations

Your demonic aura sometimes causes spilled blood to erupt in flames.
You regenerate magic rapidly.


Message History

The jackal bites you but does no damage.
The jackal completely misses you. The gnoll closely misses you.
The jackal barely misses you.
You slash the jackal!
You kill the jackal!
Yredelemnul accepts your kill.
You hit the jackal. You miss the jackal. The jackal closely misses you.
The jackal barely misses you. The jackal closely misses you.
The gnoll hits you from afar with a +0 spear.
* * * LOW HITPOINT WARNING * * *
The jackal stops to sniff the ground.
The jackal bites you.
* * * LOW HITPOINT WARNING * * *
You closely miss the jackal.
The jackal is severely wounded.
The jackal closely misses you.
The jackal bites you but does no damage.
You closely miss the jackal.
The jackal is heavily wounded.
The gnoll hits you from afar with a +0 spear.
* * * LOW HITPOINT WARNING * * *
The jackal barely misses you. The gnoll hits you but does no damage.
The jackal bites you but does no damage.
You slash the jackal!
You kill the jackal!
Yredelemnul accepts your kill.
The jackal bites you but does no damage.
The gnoll barely misses you.
You closely miss the jackal.
The jackal is lightly wounded.
The jackal barely misses you.
The gnoll hits you from afar with a +0 spear.
* * * LOW HITPOINT WARNING * * *
The jackal bites you but does no damage.
Your chain mail prevents you from hitting the jackal.
The jackal is lightly wounded.
The jackal bites you but does no damage.
The gnoll hits you from afar with a +0 spear.
You die...
Your body rises from the dead as a mindless zombie.

#..# #..#
#..# #..#
#..####
###.....##.#
#...†g......
#.##h##.####
#. #@# ..# #
#........
###...###
#.## .# . #


You could see a gnoll and a jackal.

Vanquished Creatures
  3 gnolls (D:2)
  An endoplasm (D:1)
  A giant cockroach (D:1)
  3 goblins (D:1)
  2 hobgoblins
  5 jackals (D:2)
  2 kobolds (D:1)
  A quokka (D:1)
  2 ball pythons
  A frilled lizard (D:1)
  A rat (D:1)
22 creatures vanquished.

Vanquished Creatures (others)
  A hobgoblin zombie (D:2)
1 creature vanquished.

Grand Total: 23 creatures vanquished

Notes
Turn   | Place    | Note
-------+----------+-------------------------------------------
     0 | D:1      | Sabo the Demonspawn Gladiator began the quest for the Orb.
     0 | D:1      | Reached XP level 1. HP: 16/16 MP: 1/1
   553 | D:1      | Gained mutation: You regenerate magic rapidly. [demonic
                  | ancestry]
   553 | D:1      | Reached XP level 2. HP: 22/22 MP: 2/2
  1174 | D:1      | Found a faded altar of an unknown god.
  1184 | D:1      | Became a worshipper of Yredelemnul the Dark
  1184 | D:1      | Reached * piety under Yredelemnul
  1438 | D:2      | Gained mutation: Your demonic aura sometimes causes spilled
                  | blood to erupt in flames. [demonic ancestry]
  1438 | D:2      | Reached XP level 3. HP: 27/28 MP: 1/3
  1595 | D:2      | Reached skill level 1 in Armour
  1608 | D:2      | Slain by a gnoll

Illustrated notes

Levels and vault maps discovered:
D:1:      lightli_arrival_quake, layout_basic,
          shapermc_ecumenical_altar_hornbeckon, serial_aquarium,
          aquarium_bridge_long_separate [aquarium_subvault_window,
          aquarium_subvault_bridge, aquarium_subvault_window,
          aquarium_subvault_bridge, aquarium_subvault_wall,
          aquarium_subvault_bridge], aquarium_bridge_square
          [aquarium_subvault_bridge, aquarium_subvault_wall,
          aquarium_subvault_bridge, aquarium_subvault_bridge],
          aquarium_window_2, aquarium_window_1, aquarium_window_corner,
          aquarium_window_1, aquarium_view_2g, aquarium_view_2d,
          aquarium_balcony_3b, aquarium_pool_split
D:2:      layout_loops_ring, serial_forest, infiniplex_forest_end_2,
          infiniplex_forest_lined_3_way, infiniplex_forest_lined_room_3,
          infiniplex_forest_zigzag_2, infiniplex_forest_lined_room_2,
          infiniplex_forest_lined_room_2

Skill      XL: |  1  2  3 |
---------------+----------+-----
Axes           | 3 |  3.2
Throwing       | 2 |  2.0
Dodging        | 3 |  3.0
Armour         | 1 |  1.1
Fighting       | |  2.5

Action                   || total
-------------------------++-------
Melee: War axe           ||    34
       Trident           ||    21
Invok: Animate Remains   ||     1
Armor: Leather armour    ||    13
       Chain mail        ||    38
Dodge: Dodged            ||    56
